 Dungeon Crawl Stone Soup version 0.21.1-1-g345015f (webtiles) character file.

2242 inc the Fighter (level 9, -5/46 HPs)
             Began as a Felid Ice Elementalist on Mar 4, 2018.
             Was a Priest of Wu Jian.
             Slain by a hippogriff (7 damage)
             ... on level 9 of the Dungeon.
             The game lasted 00:27:31 (10135 turns).

inc the Fighter (Felid Ice Elementalist)           Turns: 10135, Time: 00:27:31

Health: -5/46      AC:  2    Str:  7      XL:     9   Next: 14%
Magic:  12/13      EV: 21    Int: 17      God:    Wu Jian [***...]
Gold:   277        SH:  0    Dex: 18 (19) Spells: 7/12 levels left
                                        Lives:  0   Deaths: 2

rFire    . . .     SeeInvis +     - Unarmed
rCold    . . .     Gourm    .   (shield unavailable)
rNeg     . . .     Faith    .   (armour unavailable)
rPois    .         Spirit   .   (helmet unavailable)
rElec    .         Reflect  .   (cloak unavailable)
rCorr    .         Harm     .   (gloves unavailable)
MR       +....                  (boots unavailable)
Stlth    +++.......             (no amulet)
HPRegen  0.15/turn              d - +3 ring of dexterity
MPRegen  0.13/turn              (no ring)

@: confusing touch, quick
A: very small, no armour, no weapons or thrown items, stealth, claws 1, fangs 3,
see invisible, carnivore, speed 1, shaggy fur 2, slow metabolism 1, sharp paws
a: Wall Jump, Serpent's Lash, Renounce Religion


You were on level 9 of the Dungeon.
You worshipped Wu Jian.
Wu Jian was most pleased with you.
You were hungry.

You visited 1 branch of the dungeon, and saw 9 of its levels.
You also visited: Sewer.

You collected 497 gold pieces.
You spent 220 gold pieces at shops.

Inventory:

Jewellery
 d - a +3 ring of dexterity (left paw)
 m - a -2 ring of protection
 s - an uncursed ring of see invisible
 t - an uncursed ring of fire
 C - a cursed amulet of inaccuracy
 H - a +4 ring of dexterity
Wands
 l - a wand of acid (10)
 x - a wand of clouds (7)
 F - a wand of paralysis (9)
Scrolls
 f - 2 scrolls of immolation
 g - a scroll of amnesia
 h - a scroll of fog
 o - 4 scrolls of teleportation
 r - 2 scrolls of enchant armour {unknown}
 u - 3 scrolls of fear
 v - 2 scrolls of blinking
 w - a scroll of torment {unknown}
 y - 5 scrolls of remove curse
 E - a scroll of vulnerability {unknown}
 G - 2 scrolls of random uselessness {unknown}
Potions
 c - a potion of lignification {unknown}
 e - a potion of berserk rage
 i - 2 potions of degeneration
 j - a potion of agility
 k - 2 potions of curing
 n - a potion of resistance
 p - 3 potions of flight
 q - a potion of mutation
 z - 3 potions of might
 D - a potion of brilliance {unknown}
 I - a potion of invisibility {unknown}
Books
 a - a book of Frost

   Spells                             Type                      Level
   a - Freeze                         Ice                          1
   b - Throw Frost                    Conjuration/Ice              2
   c - Ozocubu's Armour               Charms/Ice                   3
   d - Throw Icicle                   Conjuration/Ice              4
   e - Summon Ice Beast               Ice/Summoning                4
 A - a book of Flames

   Spells                             Type                      Level
   a - Flame Tongue                   Conjuration/Fire             1
   b - Throw Flame                    Conjuration/Fire             2
   c - Conjure Flame                  Conjuration/Fire             3
   d - Inner Flame                    Hexes/Fire                   3
   e - Sticky Flame                   Conjuration/Fire             4
   f - Fireball                       Conjuration/Fire             5
 B - a book of Misfortune

   Spells                             Type                      Level
   a - Confusing Touch                Hexes                        1
   b - Confuse                        Hexes                        3
   c - Gell's Gravitas                Translocation                3
   d - Petrify                        Transmutation/Earth          4
   e - Metabolic Englaciation         Hexes/Ice                    5
   f - Yara's Violent Unravelling     Hexes/Transmutation          5
Comestibles
 b - 23 rations


   Skills:
 - Level 10.1 Fighting
 - Level 5.0 Dodging
 - Level 4.6 Stealth
 + Level 7.9 Unarmed Combat
 - Level 2.0 Spellcasting
   Level 0.8 Conjurations
 - Level 5.5 Hexes
 - Level 3.4 Charms
 - Level 3.0 Ice Magic


You had 7 spell levels left.
You knew the following spells:

 Your Spells              Type           Power        Failure   Level  Hunger
a - Freeze                Ice            ##..         5%          1    #......
b - Ozocubu's Armour      Chrm/Ice       ##......     16%         3    ###....
c - Confusing Touch       Hex            ###...       1%          1    #......


Dungeon Overview and Level Annotations

Branches:
Dungeon (9/15)             Temple (0/1) D:7            Lair (0/6) D:9
    Orc: D:9-12

Altars:
Ashenzari
Cheibriados
Elyvilon
Hepliaklqana
Makhleb
Nemelex Xobeh
Okawaru
Uskayaw
Vehumet
Wu Jian
Xom

Shops:
D:5 ?   D:7 %

Annotations:
D:8 2 transporters


Innate Abilities, Weirdness & Mutations

You cannot wear armour.
You are incapable of wielding weapons or throwing items.
Your paws allow you to move quietly. (Stealth)
You have sharp claws.
You have razor-sharp teeth.
You have supernaturally acute eyesight. (SInv)
You are carnivorous and can eat meat at any time.
You cover ground quickly.
You are covered in thick fur. (AC +2)
You have a slow metabolism.
Your sharp claws are effective at attacking unaware monsters.


Message History

You scratch the orc wizard.
You kill the orc wizard!
The Council accepts your kill.
Casting: Confusing Touch
Confirm with . or Enter, or press ? or * to list all spells.
Your paws begin to glow red.
The hippogriff completely misses you. The hippogriff closely misses you.
The hippogriff completely misses you.
You scratch the hippogriff but do no damage.
The hippogriff is moderately wounded.
You scratch the hippogriff but do no damage.
The hippogriff is moderately wounded.
The hippogriff bites you!
* * * LOW HITPOINT WARNING * * *
The hippogriff pecks you.
* * * LOW HITPOINT WARNING * * *
The hippogriff misses you.
You scratch the hippogriff but do no damage.
The hippogriff is moderately wounded.
The hippogriff completely misses you. The hippogriff pecks you!
You die...

#.# ### #.# ..# #+## #.# #.#
##...## #.# # #.###.....##
####.# ##.#
#.##.......######.##.##
##....#.#.........##........##
#......[....#######.......#...
##....##<.)#H@.≈...#..........
##.# #O....#...#......##.### #
#....##..P##....#...# #
#..#....PP...#..#.### #
#..#≈)P.>P..≈#..#.# #
#..#..PPP.P..#..#.# #
#....##.PP##..... .
......#...# ...##. #
###..#...≈... ..#


You could see a hippogriff and an ogre (confused).

Vanquished Creatures
  2 slime creatures (D:7)
  A human (D:7)
  4 hogs (D:7)
  Grum (D:7)
  Duvessa (D:6)
  A water moccasin (D:7)
  An ice beast (D:8)
  2 phantoms
  An orc warrior (D:7)
  A sky beast (D:6)
  A necrophage (D:5)
  An ogre (D:4)
  3 wolves
  A crocodile (Sewer)
  A big kobold (D:7)
  4 bullfrogs
  Dowan (D:6)
  3 scorpions
  6 killer bees
  A howler monkey (D:6)
  4 crimson imps
  A centaur zombie (D:7)
  3 hounds
  A quasit (D:9)
  5 orc priests
  A centaur skeleton (D:8)
  A jelly (D:9)
  A bullfrog skeleton (D:4)
  5 orc wizards
  An iguana (D:7)
  5 worker ants
  A hound zombie (D:8)
  A hound skeleton (D:7)
  2 worker ant zombies
  A howler monkey zombie (D:8)
  9 adders
  4 river rats (D:4)
  3 shadow imps
  An adder skeleton (D:6)
  A worm (D:2)
  3 leopard geckos
  21 orcs
  3 ball pythons
  6 giant cockroaches
  7 goblins
  5 hobgoblins
  13 jackals
  11 kobolds
  5 quokkas
  6 bats
  4 frilled lizards
  A leopard gecko zombie (D:7)
  A quokka skeleton (D:5)
  A quokka zombie (D:5)
  7 rats
182 creatures vanquished.

Notes
Turn   | Place    | Note
-------+----------+-------------------------------------------
     0 | D:1      | inc the Felid Ice Elementalist began the quest for the Orb.
     0 | D:1      | Reached XP level 1. HP: 7/7 MP: 4/4
   186 | D:2      | Found an ornate altar of the Wu Jian Council.
   194 | D:2      | Became a worshipper of the Wu Jian Council
   374 | D:1      | Reached skill level 1 in Unarmed Combat
   374 | D:1      | Reached XP level 2. HP: 11/11 MP: 1/6
  1434 | D:2      | Found an iron altar of Okawaru.
  1438 | D:2      | Reached XP level 3. HP: 14/14 MP: 5/7
  1541 | D:2      | Found a hide-covered altar of Uskayaw.
  1822 | D:3      | Reached * piety under Wu Jian
  1953 | D:3      | Reached XP level 4. HP: 18/18 MP: 3/8
  1960 | D:3      | Learned a level 3 spell: Ozocubu's Armour
  2177 | D:3      | Reached skill level 1 in Charms
  2664 | D:3      | Reached XP level 5. HP: 21/21 MP: 2/9
  3068 | D:4      | Noticed a phantom
  3074 | D:4      | Noticed a two-headed ogre
  3431 | D:4      | Noticed an ogre
  3523 | D:4      | Gained mutation: You are covered in thick fur. (AC +2) [Felid growth]
  3523 | D:4      | Reached XP level 6. HP: 18/24 MP: 1/10
  3547 | D:4      | Found a glowing drain.
  3592 | Sewer    | Entered a sewer
  3720 | Sewer    | Reached skill level 5 in Dodging
  4156 | D:5      | Entered Level 5 of the Dungeon
  4167 | D:5      | Reached skill level 1 in Fighting
  4210 | D:5      | Noticed a two-headed ogre
  4326 | D:5      | Reached ** piety under Wu Jian
  4326 | D:5      | Reached skill level 2 in Fighting
  4402 | D:5      | Reached skill level 3 in Fighting
  4402 | D:5      | Reached XP level 7. HP: 27/31 MP: 11/11
  4506 | D:5      | Found Mezxouda's Magic Scroll Emporium.
  4511 | D:5      | Bought a scroll of identify for 26 gold pieces
  4511 | D:5      | Bought a scroll of identify for 26 gold pieces
  4511 | D:5      | Bought a scroll of blinking for 97 gold pieces
  4511 | D:5      | Bought a scroll of identify for 26 gold pieces
  4511 | D:5      | Bought a scroll of fear for 45 gold pieces
  4886 | D:5      | Found a sparkling altar of Nemelex Xobeh.
  4886 | D:5      | Found a radiant altar of Vehumet.
  4887 | D:5      | Found a hazy altar of Hepliaklqana.
  4993 | D:6      | Noticed Duvessa
  4996 | D:6      | Noticed Dowan
  5105 | D:4      | Found a burning altar of Makhleb.
  5220 | D:4      | Reached skill level 5 in Unarmed Combat
  5563 | D:5      | Reached XP level 8. HP: 34/34 MP: 8/12
  5869 | D:6      | Learned a level 1 spell: Confusing Touch
  6147 | D:6      | Found a shimmering altar of Xom.
  6161 | D:6      | Killed Duvessa
  6161 | D:6      | Reached skill level 5 in Hexes
  6177 | D:6      | Killed Dowan
  6582 | D:7      | Reached skill level 4 in Fighting
  6663 | D:7      | Reached skill level 5 in Fighting
  6761 | D:7      | Found a staircase to the Ecumenical Temple.
  6848 | D:7      | Reached *** piety under Wu Jian
  6883 | D:7      | Noticed a slime creature
  7222 | D:7      | Reached skill level 6 in Fighting
  7235 | D:7      | Reached XP level 9. HP: 23/42 MP: 1/13
  7245 | D:7      | Slain by a hog
  7246 | D:7      | Reached XP level 8. HP: -5/39 MP: 2/12
  7256 | D:7      | Noticed a slime creature
  7268 | D:7      | Killed a slime creature
  7268 | D:7      | Reached skill level 7 in Fighting
  7329 | D:7      | Reached skill level 8 in Fighting
  7786 | D:7      | Reached skill level 9 in Fighting
  7814 | D:7      | Found Oxtetu's Food Boutique.
  7940 | D:7      | Slain by a slime creature
  7941 | D:7      | Reached XP level 7. HP: -2/38 MP: 9/11
  7942 | D:7      | Killed a slime creature
  7942 | D:7      | Reached XP level 8. HP: 42/42 MP: 12/12
  8104 | D:8      | Noticed Grum
  8126 | D:7      | Reached skill level 10 in Fighting
  8945 | D:7      | Killed Grum
  8980 | D:8      | Noticed a gargoyle
  8991 | D:8      | Noticed a slime creature
  8994 | D:8      | Found a shattered altar of Ashenzari.
  9001 | D:8      | Found a transporter.
  9013 | D:8      | Found a transporter.
  9411 | D:7      | HP: 2/43 [killer bee (5)]
  9413 | D:7      | Reached XP level 9. HP: 11/46 MP: 8/13
  9788 | D:9      | Found a staircase to the Lair.
  9881 | D:8      | Found a snail-covered altar of Cheibriados.
  9928 | D:9      | Found a white marble altar of Elyvilon.
  9955 | D:9      | Reached **** piety under Wu Jian
 10133 | D:9      | HP: 2/46 [hippogriff (6)]
 10135 | D:9      | Slain by a hippogriff

Skill      XL: |  1  2  3  4  5  6  7  8 |
---------------+-------------------------+-----
Ice Magic      | 3 |  3.0
Unarmed Combat | 1 2 3 6 7 |  7.9
Charms         | 3 |  3.4
Stealth        | 4 |  4.6
Dodging        | 3 5 |  5.0
Fighting       | 3 10 | 10.1
Hexes          | 5 |  5.5
Spellcasting   | |  2.0
Conjurations   | |  0.8

Action                   |  1- 3 |  4- 6 |  7- 9 || total
-------------------------+-------+-------+-------++-------
Melee: Unarmed           |    22 |    95 |   437 ||   554
       Bite              |     2 |    13 |    56 ||    71
       Punch             |       |     2 |     9 ||    11
 Cast: Freeze            |    52 |    73 |    57 ||   182
       Ozocubu's Armour  |       |     6 |    26 ||    32
       Confusing Touch   |       |       |    37 ||    37
Invok: Lunge             |    18 |    10 |    47 ||    75
       Whirlwind         |       |    16 |    99 ||   115
       Wall Jump         |       |       |    19 ||    19
  Use: Scroll            |     5 |     7 |     5 ||    17
       Potion            |       |     1 |     5 ||     6
 Stab: Sleeping          |     5 |     9 |    24 ||    38
       Distracted        |       |     2 |     1 ||     3
       Confused          |       |       |    25 ||    25
  Eat: Chunk             |     3 |    12 |    12 ||    27
       Ration            |       |       |     1 ||     1
Armor: Skin              |     2 |    11 |    34 ||    47
Dodge: Dodged            |    44 |   110 |   368 ||   522
